 Dungeon Sprint DCSS version 0.22.1-1-ga44c0e5 (webtiles) character file.

40755 Goblin1989 the Demonic Aeon (level 13, -4/114 HPs)
             Began as a Demonspawn Monk on Oct 31, 2018.
             Was the Champion of Cheibriados.
             Killed by divine providence
             ... invoked by Saint Roka
              (15 damage)
             ... in the Dungeon (Sprint V: "Ziggurat Sprint").
             The game lasted 00:15:45 (2181 turns).

Goblin1989 the Demonic Aeon (Demonspawn Monk)       Turns: 2181, Time: 00:15:46

Health: -4/114     AC: 24    Str: 50    XL:     13   Next: 76%
Magic:  1/28       EV: 17    Int: 26    God:    Cheibriados [******]
Gold:   0          SH: 37    Dex: 30    Spells: 12/12 levels left

rFire    + . .     SeeInvis .     - Unarmed
rCold    + . .     Gourm    .   A - +18 shield of the Gong {rElec rN+ MR+ EV-5}
rNeg     + . .     Faith    .   C - +5 gold dragon scales
rPois    +         Spirit   .   (helmet restricted)
rElec    +         Reflect  .   (no cloak)
rCorr    .         Harm     .   (no gloves)
MR       +....     NoTele   +   (boots unavailable)
Stlth    ..........             (no amulet)
HPRegen  0.29/turn              J - +6 ring of strength
MPRegen  0.21/turn              K - +6 ring of strength

@: mighty, studying 2 skills, very slow
A: claws 2, hooves 3, horns 1, foul stench 2, powered by pain 2, rot immunity
a: Bend Time, Temporal Distortion, Slouch, Step From Time, Renounce Religion


You were in the Dungeon.
You worshipped Cheibriados.
Cheibriados was exalted by your worship.
You were not hungry.

You visited 1 branch

Inventory:

Hand Weapons
 D - a +9 broad axe of freezing
Armour
 A - the +18 shield of the Gong (worn) {rElec rN+ MR+ EV-5}
   (You found it in the Dungeon)

   It affects your evasion (-5).
   It insulates you from electricity.
   It protects you from negative energy.
   It affects your resistance to hostile enchantments.
 C - +5 gold dragon scales (worn)
Jewellery
 x - the ring "Vemuf" {rPois rF+ SInv Stlth-}
   (You found it in the Dungeon)

   [ring of attention]

   It protects you from fire.
   It protects you from poison.
   It lets you see invisible.
   It makes you less stealthy.
 I - the ring of Rimmiwu {+Fly Int+3 Dex-2}
   (You found it in the Dungeon)

   [ring of flight]

   It affects your intelligence (+3).
   It affects your dexterity (-2).
   It lets you fly.
 J - a +6 ring of strength (left claw)
 K - a +6 ring of strength (right claw)
 M - the ring of Yesterday {rCorr rF+ Str-5 Int+4}
   (You found it in the Dungeon)

   [ring of resist corrosion]

   It affects your strength (-5).
   It affects your intelligence (+4).
   It protects you from fire.
 N - the amulet of Kegu {Reflect rC- MP+9 SH+5 Stlth+}
   (You found it in the Dungeon)

   [amulet of reflection]

   It shields you and reflects attacks.
   It makes you vulnerable to cold.
   It affects your magic capacity (+9).
   It affects your SH (+5).
   It makes you more stealthy.
Wands
 P - a wand of acid (5) {@v2}
Scrolls
 B - 2 scrolls of blinking
 E - 8 scrolls of fog
 R - 5 scrolls of identify {@r1}
 S - 5 scrolls of remove curse {@r3}
 T - 2 scrolls of fear
Potions
 c - 7 potions of heal wounds {@q2}
 d - 10 potions of curing {@q1}
 g - 5 potions of magic
 U - 2 potions of brilliance
 V - 2 potions of invisibility
 W - 4 potions of resistance
 Y - 3 potions of agility
 Z - 3 potions of might
Books
 G - a manual of Shields
 Q - a manual of Evocations
Miscellaneous
 F - 2 boxes of beasts
 L - a lamp of fire
 O - 5 phantom mirrors
 X - a phial of floods
Comestibles
 e - 4 rations


   Skills:
 + Level 14.6 Fighting
 - Level 6.0 Axes
 + Level 13.3 Armour
 + Level 13.6 Dodging
 - Level 1.7 Stealth
 - Level 15.0 Shields
 + Level 12.9 Unarmed Combat
 * Level 23.8 Invocations


You had 12 spell levels left.
You didn't know any spells.
Your spell library was empty.

Dungeon Overview and Level Annotations

Branches:
Dungeon (1/1)

Altars:
Ashenzari
Cheibriados
Dithmenos
Elyvilon
Fedhas
Gozag
Hepliaklqana
Kikubaaqudgha
Makhleb
Nemelex Xobeh
Okawaru
Qazlal
Ru
Sif Muna
Trog
Uskayaw
Vehumet
Wu Jian
Xom
Yredelemnul
Zin
The Shining One
Beogh
Jiyva
Lugonu

Annotations:
D 1 transporter, Saint Roka


Innate Abilities, Weirdness & Mutations

You have very sharp fingernails.
You have hooves in place of feet.
You have a pair of small horns on your head.
You frequently emit foul miasma when damaged in melee.
You sometimes gain power by taking damage.
You are immune to rotting.


Message History

You take 10 damage, and have 74/113 hp.
You now have 18/28 mp.
Unknown command.
Unknown command.
You can feel time thicken for a moment.
You kill Grinder!
Cheibriados appreciates the change of pace.
You kill Donald!
Cheibriados appreciates the change of pace.
Your Invocations skill increases to level 23!
You kill Edmund!
Cheibriados thoroughly appreciates the change of pace. x2
Reactivating autopickup.
You feel a bit more experienced.
You feel somewhat more hungry. You block Josephine's attack.
SHROANNG!
Urug throws a javelin.
GONNNNG!
You block the javelin.
You now have 13/28 mp.
Unknown command.
Unknown command.
Unknown command.
Unknown command.
You can feel time thicken for a moment.
You kill Josephine!
Cheibriados appreciates the change of pace.
Your Armour skill increases to level 13!
You kill Urug!
Cheibriados appreciates the change of pace.
You kill Nergalle!
Cheibriados thoroughly appreciates the change of pace.
You kill Joseph!
Cheibriados appreciates the change of pace.
You feel somewhat more hungry.
Frances screams a word of power!
Saint Roka mumbles some strange prayers to Beogh against you.
Beogh smites you!
Frances screams a word of power!
You take 12 damage, and have 63/114 hp.
You now have 8/28 mp.
Unknown command.
Unknown command.
Unknown command.
The soul eater draws from the surrounding life force!
Saint Roka hits you with a great mace of protection.
Frances hits you but does no damage.
The soul eater draws from the surrounding life force!
Things that are here:
a whip of flaming; a robe; a potion of agility {@q5} You take 9 damage, and have 54/114 hp.
Unknown command.
Unknown command.
You claw Saint Roka! You kick Saint Roka, but do no damage.
You headbutt Saint Roka!
Saint Roka is heavily wounded.
You block Frances's attack.
BONNNG!
Unknown command.
You claw Saint Roka! Your kick misses Saint Roka. You headbutt Saint Roka.
Saint Roka is heavily wounded.
Saint Roka calls out, "Orcs!
Behind me!"
Saint Roka mumbles some strange prayers to Beogh against you.
Beogh smites you!
* * * LOW HITPOINT WARNING * * *
You block Frances's attack.
GONNNNG!
You take 9 damage, and have 46/114 hp.
You scratch Saint Roka but do no damage.
You kick Saint Roka.
Saint Roka is heavily wounded.
The chaos spawn hits you!
* * * LOW HITPOINT WARNING * * *
You feel your power leaking away.
You emit a cloud of foul miasma!
You block Saint Roka's attack.
GONNNNG!
Frances hits you with the +5 quarterstaff "Gunluom" {elec, rPois MR+ Int-3
* * * LOW HITPOINT WARNING * * *
You focus on the pain.
You feel very mighty all of a sudden.
You emit a cloud of foul miasma!
You block the soul eater's attack.
GONNNNG!
You take 27 damage, and have 19/114 hp.
MASSIVE DAMAGE!!
You now have 5/28 mp.
You barely miss Frances. You kick Frances! You headbutt Frances.
Frances is almost dead.
Frances is engulfed in dark miasma.
Frances chants phrases taken from a devil's mouth.
You block the shard of ice.
GONNNNG!
The soul eater draws from the surrounding life force!
* * * LOW HITPOINT WARNING * * *
You take 8 damage, and have 11/114 hp.
You can feel time thicken for a moment.
You kill Frances!
Cheibriados thoroughly appreciates the change of pace.
The soul eater disappears in a puff of smoke!
The chaos spawn degenerates into a cloud of primal chaos!
The soul eater disappears in a puff of smoke!
You feel somewhat more hungry.
Saint Roka calls down the wrath of Beogh upon you.
Beogh smites you!
You die...

▓▓▓▓▓▓▓▓▓▓▓▓▓▓▓..:.:))}:
▓.....8©8.....▓....).))=
▓..:}):)[|):..▓.........
▓..)}:[}:?}=..▓.....)...
▓.............▓.)...)...
▓.....).).)...▓...).)...
▓...)..§.)....▓..▓.))).▓
▓....)§o§.....▓.▓▓▓.(.▓▓
▓.....§@†.....▓..▓..(..▓
▓......(......▓.....©...
▓..▓...(...▓..▓▓▓▓▓▓▓▓▓▓
▓.............▓....8©8..
▓.............▓..:.=:=[=
▓......©......▓....[)...
▓▓▓▓▓▓▓▓▓▓▓▓▓▓▓.........
▓......... ▓.........


You could see Saint Roka.

Vanquished Creatures
  A greater mummy (D)
  A deep elf master archer (D)
  A deep elf blademaster (D)
  Frances (D)
  Agnes (D)
  Donald (D)
  An ophan (D)
  A reaper (D)
  3 vampire knights (D)
  2 apis (D)
  A mummy priest (D)
  2 blizzard demons (D)
  Josephine (D)
  An ice dragon (D)
  Erolcha (D)
  Urug (D)
  3 deep elf knights (D)
  Nergalle (D)
  2 skeletal warriors (D)
  A cherub (D)
  3 deep elf archers (D)
  Pikel (D)
  A necromancer (D)
  7 deep elf magi (D)
  A shining eye (D)
  Joseph (D)
  A black mamba (D)
  2 spiny frogs (D)
  2 rime drakes (D)
  2 tormentors (D)
  3 guardian mummies (D)
  3 ice devils (D)
  2 polar bears (D)
  Grinder (D)
  Prince Ribbit (D)
  A jumping spider (D)
  A slime creature (D)
  A flying skull (D)
  A vampire (D)
  An ushabti (D)
  3 shadows (D)
  Edmund (D)
  4 nagas (D)
  2 hell hounds (D)
  A water moccasin (D)
  A floating eye (D)
  A porcupine (D)
  3 ice beasts (D)
  2 eyes of draining (D)
  A bullfrog (D)
  3 earth elementals (D)
  2 scorpions (D)
  Dowan (D)
  A crimson imp (D)
  2 jellies (D)
  2 iron imps (D)
  2 iguanas (D)
  3 mummies (D)
  3 adders (D)
  4 white imps (D)
  An ufetubus (D)
  2 oozes (D)
  3 adder skeletons (D)
  2 adder zombies (D)
  An adder simulacrum (D)
  A bat skeleton (D)
  4 bat zombies (D)
  6 ball pythons (D)
  A ball python skeleton (D)
  A ball python zombie (D)
  A giant cockroach simulacrum (D)
  A giant cockroach zombie (D)
  2 leopard gecko skeletons (D)
  A quokka simulacrum (D)
  A quokka skeleton (D)
  A quokka zombie (D)
134 creatures vanquished.

Vanquished Creatures (others)
  Harold (D)
  A spatial maelstrom (D)
  Grum (D)
  Eustachio (D)
  Crazy Yiuf (D)
  A giant cockroach simulacrum (D)
6 creatures vanquished.

Grand Total: 140 creatures vanquished

Notes
Turn   | Place    | Note
-------+----------+-------------------------------------------
     0 | D        | Found the +6 Majin-Bo {vamp, Archmagi MP+6 Int+6}
     0 | D        | Found the +7 great mace "Firestarter" {inner flame, rF++}
     0 | D        | Goblin1989 the Demonspawn Monk began the quest for the Orb.
     0 | D        | Reached XP level 1. HP: 18/18 MP: 1/1
     3 | D        | Found a blossoming altar of Fedhas.
     4 | D        | Found a viscous altar of Jiyva.
     4 | D        | Found a hazy altar of Hepliaklqana.
     4 | D        | Found a transporter.
     4 | D        | Found an opulent altar of Gozag.
     4 | D        | Found an ancient bone altar of Kikubaaqudgha.
     4 | D        | Found a corrupted altar of Lugonu.
     4 | D        | Banished a spatial maelstrom
    11 | D        | Became a worshipper of Cheibriados the Contemplative
    11 | D        | Reached * piety under Cheibriados
    11 | D        | Reached ** piety under Cheibriados
    17 | D        | Found a burning altar of Makhleb.
    18 | D        | Found a sacrificial altar of Ru.
    18 | D        | Found a stormy altar of Qazlal.
    18 | D        | Found a deep blue altar of Sif Muna.
    18 | D        | Found an iron altar of Okawaru.
    18 | D        | Found a bloodstained altar of Trog.
    18 | D        | Found a sparkling altar of Nemelex Xobeh.
    35 | D        | Found the +9 heavy crossbow "Sniper" {velocity, Acc+∞ SInv}
    35 | D        | Found the +10 dark maul {crush}
    35 | D        | Found the +15 Maxwell's patent armour {-Cast -Tele rElec
                  | MR+ rCorr}
    35 | D        | Found the +18 shield of the Gong {rElec rN+ MR+ EV-5}
    35 | D        | Found the cursed +14 obsidian axe {chop, +Fly SInv *Curse}
    37 | D        | Found the +6 shillelagh "Devastator" {shatter}
    37 | D        | Found the +11 plutonium sword {*Contam Stlth-}
    37 | D        | Found the +8 lance "Wyrmbane" {slay drac, rPois rF+ rC+
                  | AC+3}
    37 | D        | Found the +9 sword of Zonguldrok {reap}
    37 | D        | Found the cursed +13 scythe of Curses {drain, *Curse}
    37 | D        | Found the +0 sword of Power
    37 | D        | Found the +7 mace of Variability {chain chaos}
    37 | D        | Found the +7 Singing Sword
    37 | D        | Found the +7 longbow "Piercer" {penet, EV-2}
    67 | D        | Reached skill level 5 in Invocations
    67 | D        | Gained mutation: You are immune to rotting. [demonic
                  | ancestry]
    67 | D        | Reached XP level 2. HP: 25/25 MP: 1/5
   112 | D        | Entered arena 2.
   112 | D        | Noticed a polar bear
   112 | D        | Found a transporter.
   118 | D        | Killed a polar bear
   118 | D        | Reached skill level 5 in Fighting
   118 | D        | Reached skill level 8 in Invocations
   118 | D        | Gained mutation: You have large cloven feet. [demonic
                  | ancestry]
   118 | D        | Reached XP level 3. HP: 24/33 MP: 5/8
   118 | D        | Gained mutation: You have a pair of small horns on your
                  | head. [demonic ancestry]
   118 | D        | Reached XP level 4. HP: 28/39 MP: 6/10
   118 | D        | Gained mutation: You have sharp fingernails. [demonic
                  | ancestry]
   118 | D        | Reached XP level 5. HP: 32/44 MP: 6/11
   167 | D        | Entered arena 3.
   167 | D        | Noticed a jumping spider
   167 | D        | Found a transporter.
   169 | D        | Reached *** piety under Cheibriados
   169 | D        | Reached skill level 5 in Dodging
   169 | D        | Reached skill level 1 in Unarmed Combat
   169 | D        | Gained mutation: You have very sharp fingernails. [demonic
                  | ancestry]
   169 | D        | Reached XP level 6. HP: 46/51 MP: 12/12
   170 | D        | Reached skill level 9 in Invocations
   180 | D        | Killed a jumping spider
   180 | D        | Reached **** piety under Cheibriados
   180 | D        | Reached skill level 10 in Invocations
   180 | D        | Reached XP level 7. HP: 42/58 MP: 14/14
   268 | D        | Entered arena 4.
   268 | D        | Found a transporter.
   270 | D        | Reached skill level 5 in Armour
   270 | D        | Reached skill level 5 in Shields
   272 | D        | Reached ***** piety under Cheibriados
   273 | D        | Reached skill level 11 in Invocations
   283 | D        | Entered arena 5.
   283 | D        | Found a transporter.
   293 | D        | Entered arena 6.
   293 | D        | Noticed a deep elf knight
   293 | D        | Noticed a deep elf mage
   293 | D        | Noticed a deep elf mage
   293 | D        | Noticed a deep elf mage
   293 | D        | Found a transporter.
   294 | D        | Noticed a tarantella
   297 | D        | Killed a deep elf mage
   297 | D        | Reached skill level 12 in Invocations
   297 | D        | Gained mutation: You have hoof-like feet. [demonic
                  | ancestry]
   297 | D        | Reached XP level 8. HP: 67/67 MP: 10/17
   298 | D        | Killed a deep elf mage
   298 | D        | Reached ****** piety under Cheibriados
   298 | D        | Killed a deep elf knight
   298 | D        | Reached skill level 5 in Unarmed Combat
   298 | D        | Reached skill level 13 in Invocations
   298 | D        | Gained mutation: You may emit foul miasma when damaged in
                  | melee. [demonic ancestry]
   298 | D        | Reached XP level 9. HP: 75/75 MP: 10/19
   298 | D        | Killed a deep elf mage
   298 | D        | Reached skill level 14 in Invocations
   309 | D        | Got the cursed +0 chain mail of Omission {+Fly rF++ Str+3
                  | Slay-4}
   313 | D        | Entered arena 7.
   313 | D        | Noticed a spiny frog
   313 | D        | Noticed a spiny frog
   316 | D        | Found a transporter.
   317 | D        | Killed a spiny frog
   319 | D        | Killed a spiny frog
   325 | D        | Got the cursed +0 leather armour "Fiajoyt" {Str+2}
   327 | D        | Got the +0 leather armour of the Pure Queens {rF+++ Int+5
                  | Dex-4}
   329 | D        | Got the +2 halberd of Starshine {chop, Fragile Str+7 Dex+2
                  | SInv}
   332 | D        | Entered arena 8.
   333 | D        | Found a transporter.
   334 | D        | Reached skill level 15 in Invocations
   352 | D        | Entered arena 9.
   352 | D        | Noticed a black mamba
   353 | D        | Found a transporter.
   354 | D        | Killed a black mamba
   354 | D        | Reached skill level 10 in Shields
   354 | D        | Gained mutation: You frequently emit foul miasma when
                  | damaged in melee. [demonic ancestry]
   354 | D        | Reached XP level 10. HP: 83/83 MP: 8/21
   448 | D        | Entered arena 10.
   449 | D        | Found a transporter.
   455 | D        | Killed Harold
   465 | D        | Entered arena 11.
   465 | D        | Noticed a shining eye
   469 | D        | Found a transporter.
   471 | D        | Killed a shining eye
   471 | D        | Reached skill level 16 in Invocations
   482 | D        | Got the ring of Yesterday {rCorr rF+ Str-5 Int+4}
   584 | D        | Entered arena 12.
   584 | D        | Noticed a vampire knight
   584 | D        | Noticed a vampire knight
   584 | D        | Noticed a necromancer
   584 | D        | Noticed a vampire knight
   585 | D        | Noticed a skeletal warrior
   586 | D        | Reached skill level 10 in Fighting
   588 | D        | Killed a necromancer
   591 | D        | Killed a vampire knight
   593 | D        | Killed a skeletal warrior
   593 | D        | Reached skill level 17 in Invocations
   594 | D        | Killed a vampire knight
   594 | D        | Reached skill level 10 in Dodging
   594 | D        | Gained mutation: You have hooves in place of feet. [demonic
                  | ancestry]
   594 | D        | Reached XP level 11. HP: 35/92 MP: 8/23
   594 | D        | Killed a vampire knight
   597 | D        | Found a transporter.
   598 | D        | Killed Grum
   600 | D        | Got the +6 spear of Arbitration {freeze, +Inv rC- Str-5
                  | Int+9}
   694 | D        | Killed Eustachio
   839 | D        | Entered arena 13.
   839 | D        | Noticed a cherub
   839 | D        | Noticed an apis
   839 | D        | Noticed an ophan
   840 | D        | Noticed an apis
   841 | D        | Found a transporter.
   853 | D        | Killed a cherub
   853 | D        | Reached skill level 18 in Invocations
   854 | D        | Killed an apis
   854 | D        | Reached skill level 10 in Armour
   855 | D        | Killed an ophan
   856 | D        | Killed an apis
   863 | D        | Got the +8 trident of Mourning {freeze, +Fly rElec Str-5
                  | Stlth+}
   869 | D        | Got the +0 chain mail "Moagginuse" {+Blink rPois rF+ SInv}
  1185 | D        | Entered arena 14.
  1186 | D        | Noticed a mummy priest
  1186 | D        | Noticed a greater mummy
  1188 | D        | Noticed a jiangshi
  1188 | D        | Noticed a flayed ghost
  1188 | D        | Reached skill level 19 in Invocations
  1194 | D        | Noticed a mana viper
  1195 | D        | Noticed a jiangshi
  1195 | D        | Noticed a phantasmal warrior
  1195 | D        | Noticed a phantasmal warrior
  1195 | D        | Killed a mummy priest
  1195 | D        | Reached skill level 10 in Unarmed Combat
  1195 | D        | Noticed a reaper
  1197 | D        | Killed a greater mummy
  1197 | D        | Reached skill level 20 in Invocations
  1197 | D        | Gained mutation: You sometimes gain a little power by
                  | taking damage. [demonic ancestry]
  1197 | D        | Reached XP level 12. HP: 28/103 MP: 10/26
  1213 | D        | Found a transporter.
  1219 | D        | Got the amulet of Kegu {Reflect rC- MP+9 SH+5 Stlth+}
  1224 | D        | Got the ring of Rimmiwu {+Fly Int+3 Dex-2}
  1464 | D        | Entered arena 15.
  1465 | D        | Noticed a deep elf blademaster
  1465 | D        | Noticed a deep elf master archer
  1473 | D        | Killed a deep elf blademaster
  1474 | D        | Reached skill level 21 in Invocations
  1478 | D        | Killed a deep elf master archer
  1480 | D        | Gained mutation: You sometimes gain power by taking damage.
                  | [demonic ancestry]
  1480 | D        | Reached XP level 13. HP: 8/111 MP: 18/27
  1481 | D        | Found a transporter.
  1625 | D        | Killed Crazy Yiuf
  1828 | D        | Entered arena 16.
  1829 | D        | Noticed a reaper
  1833 | D        | Found a transporter.
  1836 | D        | Reached skill level 22 in Invocations
  1842 | D        | Killed a reaper
  1854 | D        | Got the cursed +1 plate armour of Ylyfig {rElec rF- MR-
                  | SInv}
  1859 | D        | Got the cursed +2 mace "Elyf" {crush, Str+6}
  1861 | D        | Got the ring "Vemuf" {rPois rF+ SInv Stlth-}
  1863 | D        | Got the cursed +2 short sword "Ymuu" {protect, rPois Int+4
                  | Dex-4}
  2080 | D        | Entered arena 17.
  2083 | D        | Noticed a blizzard demon
  2083 | D        | Noticed a blizzard demon
  2088 | D        | Killed a blizzard demon
  2089 | D        | Found a transporter.
  2090 | D        | Killed a blizzard demon
  2090 | D        | Reached skill level 15 in Shields
  2096 | D        | Got the +1 scale mail "Vyifycw" {rF+ Int+3}
  2104 | D        | Got the +1 mace "Ogeter" {pain, rC+ Str+3 Dex+4}
  2167 | D        | Entered arena 18.
  2170 | D        | Noticed Nergalle
  2170 | D        | Noticed Grinder
  2170 | D        | Noticed Pikel
  2170 | D        | Noticed Joseph
  2170 | D        | Noticed Saint Roka
  2170 | D        | Noticed Urug
  2170 | D        | Noticed Erolcha
  2170 | D        | Noticed Dowan
  2170 | D        | Noticed Josephine
  2170 | D        | Noticed Edmund
  2171 | D        | Noticed Frances
  2171 | D        | Noticed Donald
  2171 | D        | Noticed Prince Ribbit
  2171 | D        | Noticed Agnes
  2173 | D        | Killed Pikel
  2173 | D        | Killed Prince Ribbit
  2173 | D        | Killed Agnes
  2173 | D        | Killed Dowan
  2174 | D        | Killed Grinder
  2174 | D        | Killed Donald
  2174 | D        | Reached skill level 23 in Invocations
  2174 | D        | Killed Edmund
  2174 | D        | Killed Erolcha
  2175 | D        | Killed Josephine
  2175 | D        | Killed Urug
  2175 | D        | Killed Nergalle
  2175 | D        | Killed Joseph
  2176 | D        | Found a transporter.
  2181 | D        | Killed Frances
  2181 | D        | Killed from afar by Saint Roka

Skill      XL: |  1  2  3  4  5  6  7  8  9 10 11 12 13 |
---------------+----------------------------------------+-----
Fighting       | 4 5 6 7 8 9 10 12 13 14 | 14.6
Axes           | 3 6 |  6.0
Armour         | 2 3 4 6 8 9 11 12 13 | 13.3
Dodging        | 3 4 5 6 7 8 10 11 12 13 | 13.6
Shields        | 2 3 4 6 8 10 12 13 14 15 | 15.0
Invocations    | 5 8 10 12 13 15 17 20 21 23 | 23.8
Unarmed Combat | 1 2 4 5 6 8 10 11 12 | 12.9
Stealth        | |  1.7

Action                   |  1- 3 |  4- 6 |  7- 9 | 10-12 | 13-15 || total
-------------------------+-------+-------+-------+-------+-------++-------
Melee: Broad axe         |     5 |     7 |    11 |       |       ||    23
       Kick              |       |     4 |     8 |    24 |     9 ||    45
       Headbutt          |       |     4 |     4 |    15 |     9 ||    32
       Unarmed           |       |       |     4 |    46 |    14 ||    64
Invok: Slouch            |       |       |     4 |    27 |    10 ||    41
Evoke: Wand              |     1 |     3 |     5 |       |       ||     9
  Use: Potion            |     3 |       |     2 |     5 |       ||    10
       Scroll            |       |       |       |     2 |     5 ||     7
  Eat: Ration            |       |       |     2 |     1 |       ||     3
Armor: Gold dragon scale |     7 |     5 |     1 |    12 |     3 ||    28
Dodge: Dodged            |       |       |     4 |     6 |     4 ||    14
Block: Shield            |    12 |    19 |    21 |    68 |    23 ||   143

Vault maps used:
D:        sprint_v
